 Dungeon Crawl Stone Soup version 0.31.0-9-g3a7656b989 (webtiles) character file.

Game seed: 10574596661622550312

29 qw the Shooter (level 2, -1/24 HPs)
             Began as a Demigod Hunter on Feb 2, 2024.
             Slain by a goblin
             ... wielding a +0 dagger
             ... led by Robin
              (3 damage)
             ... on level 2 of the Dungeon.
             The game lasted 00:00:02 (798 turns).

qw the Shooter (Demigod Hunter)                      Turns: 798, Time: 00:00:03

Health: -1/24      AC:  6    Str: 12    XL:     2   Next: 81%
Magic:  4/4        EV: 10    Int: 11    God:
Gold:   862        SH:  0    Dex: 17    Spells: 1/1 levels left

rFire   . . .        a - +0 shortbow
rCold   + . .        (shield currently unavailable)
rNeg    . . .        g - +0 ring mail
rPois   .            (no helmet)
rElec   .            (no cloak)
rCorr   .            (no gloves)
SInv    .            e - +0 pair of boots
Will    .....        (no amulet)
Stlth   +            f - ring of protection from cold
HPRegen 0.24/turn    (no ring)
MPRegen 0.09/turn

%: no passive effects
@: no status effects
A: high MP 1, forlorn, divine attributes
a: no special abilities


You were on level 2 of the Dungeon.
You visited 1 branch of the dungeon, and saw 2 of its levels.

You collected 862 gold pieces.


Innate Abilities, Weirdness & Mutations

You have an increased reservoir of magic. (+10% MP)
You shall have no god before yourself.
Your divine heritage dramatically boosts your attributes as you level up.


   Skills:
 - Level 2.0 Fighting
 + Level 4.4 Ranged Weapons
 - Level 1.7 Dodging
 - Level 0.8 Stealth


You had one spell level left.
You didn't know any spells.
Your spell library was empty.

Inventory:

Hand Weapons
 a - a +0 shortbow (weapon)
Armour
 e - a +0 pair of boots (worn)
 g - a +0 ring mail (worn)
Jewellery
 f - a ring of protection from cold (left hand)
Potions
 h - a potion of lignification {unknown}

Dungeon Overview and Level Annotations

Branches:
Dungeon (2/15)

Annotations:
D:2 Robin


Message History

You shoot an arrow. The arrow hits the hobgoblin.
The hobgoblin is almost dead.
Robin roars a battlecry!
The goblins go into a battle-frenzy!
The hobgoblin completely misses you.
You shoot an arrow.
The arrow hits the hobgoblin but does no damage.
The hobgoblin is almost dead.
The hobgoblin hits you. Robin throws the goblin at you!
The hobgoblin misses you. The goblin hits you but does no damage.
You shoot an arrow. The arrow barely misses the hobgoblin.
The arrow hits the goblin.
You kill the goblin!
The goblin barely misses you. The hobgoblin misses you.
A goblin comes into view. It is wielding a +0 dagger.
You shoot an arrow. The arrow hits the hobgoblin.
You kill the hobgoblin!
A hobgoblin comes into view.
The goblin hits you with a +0 dagger.
You shoot an arrow. The arrow hits Robin.
Robin is lightly wounded.
Robin hits you with a +1 spectral club. The goblin hits you but does no damage.
Robin hits you but does no damage. The goblin barely misses you.
A goblin comes into view. It is wielding a +0 club.
You shoot an arrow. The arrow hits Robin.
Robin is moderately wounded.
The goblin hits you with a +0 dagger.
You shoot an arrow. The arrow hits Robin.
Robin is heavily wounded.
The goblin hits you with a +0 dagger.
You shoot an arrow. The arrow hits Robin.
Robin is severely wounded.
The goblin closely misses you.
Robin says, "My goblins will feast on your bones."
The goblin barely misses you.
You shoot an arrow.
The arrow hits Robin but does no damage.
Robin is severely wounded.
The goblin hits you with a +0 dagger.
You die...

..> ......
#.. ....
#... ....
.##.. ... #
......#...#
#...#)#.#g#
#...ggg...#
#g# #@# #g#
#.# #.# #<#
###


You could see Robin, a hobgoblin and 3 goblins.

Vanquished Creatures
  3 dart slugs (D:1)
  A bat (D:1)
  2 endoplasms (D:1)
  6 goblins
  A hobgoblin (D:2)
  3 kobolds (D:1)
  3 ball pythons (D:1)
  2 frilled lizards (D:1)
  A rat (D:1)
22 creatures vanquished.

Notes
Turn   | Place    | Note
-------+----------+-------------------------------------------
     0 | D:1      | qw the Demigod Hunter began the quest for the Orb.
     0 | D:1      | Reached XP level 1. HP: 17/17 MP: 3/3
     0 | D:1      | 0 ||| qw: Version: 0.3-a-155-g5e7d8dd
     0 | D:1      | 0 ||| qw: Game counter: 407
     0 | D:1      | 0 ||| qw: Melee chars always use a shield: true
     0 | D:1      | 0 ||| qw: God list: Okawaru
     0 | D:1      | 0 ||| qw: Allow faded altars: false
     0 | D:1      | 0 ||| qw: Do Orc after clearing Dungeon:15 true
     0 | D:1      | 0 ||| qw: Do second Lair branch before Depths: true
     0 | D:1      | 0 ||| qw: Lair rune preference: random
     0 | D:1      | 0 ||| qw: Goals: Normal
     0 | D:1      | 0 ||| PLANNING D:1-11
   105 | D:1      | Reached skill level 4 in Ranged Weapons
   117 | D:1      | Reached XP level 2. HP: 24/24 MP: 4/4
   710 | D:1      | 710 ||| UPGRADING to +0 pair of boots.
   715 | D:1      | 715 ||| UPGRADING to +0 ring mail.
   725 | D:1      | 725 ||| DROPPING +0 leather armour.
   726 | D:1      | 726 ||| UPGRADING to ring of protection from cold.
   727 | D:1      | 727 ||| READING scroll labelled DYCEEXYADD.
   727 | D:1      | Identified a scroll of acquirement
   727 | D:1      | 727 ||| ACQUIRING 760 gold pieces
   727 | D:1      | Acquired 760 gold pieces
   729 | D:1      | 729 ||| DROPPING scroll of butterflies.
   785 | D:2      | Noticed Robin
   787 | D:2      | 787 ||| RETREEEEATING.
   795 | D:2      | HP: 6/24 [goblin/+0 dagger[Robin] (2)]
   796 | D:2      | HP: 2/24 [goblin/+0 dagger[Robin] (5)]
   798 | D:2      | Slain by a goblin

Levels and vault maps discovered:
D:1:      heliophobic_arrival_glass_houses, layout_basic
D:2:      kennysheep_six_static_rooms, layout_basic, minmay_lizard_king,
          uniq_robin

Skill      XL: |  1 |
---------------+----+-----
Ranged Weapons | 4 |  4.4
Fighting       | 2 |  2.0
Dodging        | |  1.7
Stealth        | |  0.8

Action                     || total
---------------------------++-------
   Fire: Shortbow          ||    55
    Use: Scroll            ||     1
 Armour: Leather armour    ||     8
         Ring mail         ||    14
  Dodge: Dodged            ||    15

Table legend:
 A = Non-vault XP
 B = Vault XP
 C = Vault XP percentage of total XP
 D = Non-vault monster count
 E = Vault monster count
 F = Vault count percentage of total count
                 A         B        C        D         E       F
            +---------+---------+-------+---------+---------+-------
      Total |      33 |       9 |  21.4 |      17 |       5 |  22.7
            +---------+---------+-------+---------+---------+-------
        D:1 |      33 |       0 |   0.0 |      17 |       0 |   0.0
        D:2 |       0 |       9 | 100.0 |       0 |       5 | 100.0
            +---------+---------+-------+---------+---------+-------
